AoeStats
← root

Nomad

504335501Analyzed
4v4 RM · 28d ago on Sep 4, 2026· 59m 37s· 8 players
Game mode
Random Map
Map size
231×231
Population
200
Speed
Normal
Resources
Standard
Victory
Conquest
Starting age
Dark Age
Ending age
Imperial Age
RankedLock teamsTeams togetherTeam positionsShared explorationLock speedFull tech treeHidden civsTurbo modeCheats
Victory
Defeat
🇪🇸 Romans · Spain
799
+29
🇫🇷 Vikings · France
796
+12
🇪🇸 Koreans · Spain
727
+23
🇩🇪 Turks · Germany
647
+18
🇫🇷 Persians · France
849
-20
🇦🇷 Franks · Argentina
747
-16
🇧🇷 Vikings · Brazil
729
-15
🇦🇷 Cumans · Argentina
481
-6
xerrinho
3:12 Loom
16:41 Feudal Age
22:20 Wheelbarrow
32:49 Castle Age
RuubenESP
15:02 Feudal Age
16:57 Double-Bit Axe
22:51 Castle Age
21:17 Horse Collar
21:32 Stone Mining
23:22 Wheelbarrow
22:34 Loom
23:53 Man-at-Arms
24:50 Bow Saw
26:46 Long Swordsman
29:40 Heavy Plow
36:19 Imperial Age
39:21 Hand Cart
40:29 Chemistry
39:53 Gold Mining
42:05 Forging
41:45 Fletching
42:54 Heavy Scorpion
45:27 Murder Holes
45:02 Pikeman
46:27 Halberdier
55:42 Gold Shaft Mining
55:11 Legionary
OSMANE38
3:55 Loom
17:17 Feudal Age
18:35 Horse Collar
18:54 Double-Bit Axe
20:38 Wheelbarrow
22:14 Fishing Lines
24:35 Man-at-Arms
29:56 Castle Age
31:40 Hand Cart
35:13 Gillnets
36:05 Stone Mining
BBC Enjoyer
16:36 Feudal Age
18:27 Loom
22:23 Castle Age
20:01 Man-at-Arms
22:46 Fletching
23:04 Double-Bit Axe
26:58 Arson
31:54 Bodkin Arrow
32:00 Padded Archer Armor
33:38 Careening
33:39 Clinker Construction
34:57 Ballistics
37:40 Imperial Age
37:33 Pikeman
38:13 Squires
37:34 Long Swordsman
37:59 Gambesons
40:24 Chemistry
44:04 Elite Longship
45:18 Bracer
45:34 Leather Archer Armor
45:30 Forging
45:20 Scale Mail Armor
45:45 Chieftains
45:08 Two-Handed Swordsman
46:45 Siege Engineers
46:36 Murder Holes
47:59 Bow Saw
50:02 Champion
52:34 Iron Casting
52:15 Chain Mail Armor
54:53 Blast Furnace
54:37 Elite Berserk
55:38 Conscription
Dg
5:17 Loom
17:22 Feudal Age
19:41 Gold Mining
21:24 Forging
21:06 Fletching
24:11 Castle Age
22:12 Man-at-Arms
22:55 Scale Mail Armor
22:58 Arson
22:59 Fishing Lines
24:51 Gambesons
24:44 Long Swordsman
26:02 Squires
26:50 Iron Casting
28:31 Horse Collar
29:40 Heavy Plow
40:38 Imperial Age
40:32 Stone Mining
42:01 Conscription
49:07 Blast Furnace
48:03 Bodkin Arrow
54:11 Two-Handed Swordsman
E_A_bad_monkey
10:45 Loom
17:57 Feudal Age
19:41 Double-Bit Axe
25:53 Wheelbarrow
28:57 Castle Age
30:19 Medium Warships
nicoabatedaga14
12:51 Loom
21:29 Feudal Age
root
5:40 Loom
18:06 Feudal Age
21:55 Double-Bit Axe
27:20 Castle Age
29:22 Bow Saw
40:44 Scale Barding Armor
Connection lost

Rejoining the realm…

Still unreachable

The connection could not be restored.

Session expired

The server has moved on; the page needs a fresh start.